 Dungeon Crawl Stone Soup version 0.21.1-1-g345015f (webtiles) character file.

123 Fang the Skirmisher (level 5, -2/34 HPs)
             Began as a Gargoyle Berserker on May 31, 2018.
             Was a Follower of Trog.
             Slain by Sigmund
             ... wielding a +0 scythe
              (8 damage)
             ... on level 3 of the Dungeon.
             The game lasted 00:02:46 (1229 turns).

Fang the Skirmisher (Gargoyle Berserker)            Turns: 1229, Time: 00:02:47

Health: -2/34      AC:  6    Str: 21    XL:     5   Next: 7%
Magic:  5/5        EV: 12    Int: 13    God:    Trog [*.....]
Gold:   86         SH:  0    Dex:  9    Spells: 4/4 levels left

rFire    . . .     SeeInvis .   a - +0 hand axe
rCold    . . .     Gourm    .   (no shield)
rNeg     + + .     Faith    .   b - +0 animal skin
rPois    ∞         Spirit   .   (no helmet)
rElec    +         Reflect  .   (no cloak)
rCorr    .         Harm     .   (no gloves)
MR       .....                  (no boots)
Stlth    +.........             (no amulet)
HPRegen  0.11/turn              k - ring of positive energy
MPRegen  0.09/turn              (no ring)

@: brilliant, berserk cooldown, flying
A: negative energy resistance 1, electricity resistance, unbreathing,
petrification resistance, rot immunity, AC +4
a: Berserk, Burn Spellbooks, Renounce Religion


You were on level 3 of the Dungeon.
You worshipped Trog.
Trog was aware of your devotion.
You were very hungry.

You visited 1 branch of the dungeon, and saw 3 of its levels.

You collected 86 gold pieces.

Inventory:

Hand Weapons
 a - a +0 hand axe (weapon)
Armour
 b - a +0 animal skin (worn)
Jewellery
 k - a ring of positive energy (left hand)
Scrolls
 f - 4 scrolls of identify {unknown}
 g - a scroll of amnesia {unknown}
 h - a scroll of immolation {unknown}
Potions
 d - a potion of curing
 e - a potion of flight
 j - a potion of cancellation
Comestibles
 c - 5 rations


   Skills:
 + Level 4.5 Fighting
 + Level 3.9 Axes
 + Level 2.2 Armour
 + Level 2.1 Dodging
 + Level 0.5 Stealth


You had 4 spell levels left.
You didn't know any spells.

Dungeon Overview and Level Annotations

Branches:
Dungeon (3/15)

Altars:

Annotations:
D:3 Sigmund


Innate Abilities, Weirdness & Mutations

You are resistant to torment.
Your stone body is resilient. (AC +4)
You are immune to poison.
You resist negative energy. (rN+)
You are resistant to electric shocks. (rElec)
You can survive without breathing.
You are immune to petrification.
You are immune to rotting.


Message History

You miss something. Something hits you but does no damage.
You hit something. You barely miss something.
Something hits you but does no damage.
You closely miss something. Something hits you!
You closely miss something. You miss something. Something hits you.
You barely miss something.
You hear some strange, mumbled words.
Something tries to affect you, but you resist.
You hit something.
You are feeling very hungry.
Something hits you.
* * * LOW HITPOINT WARNING * * *
You miss something.
You hear some strange, mumbled words.
Something tries to affect you, but you resist.
You closely miss something. Something hits you.
* * * LOW HITPOINT WARNING * * *
You closely miss something. Something hits you!
You die...

#.### #.#.. ####.#.#
#....#.#
###########.##.#)#
......{@.....#.#)#
.....######..#.#'####
...
######..#.)....#### .
....................
....................
#####..(.........†##
#.#...........#
#.#...........#
..#...........#


There were no monsters in sight!

Vanquished Creatures
  2 orc priests (D:3)
  Natasha (D:3)
  An adder (D:2)
  A dart slug (D:1)
  A leopard gecko (D:1)
  2 orcs (D:3)
  2 giant cockroaches
  3 goblins (D:1)
  2 hobgoblins
  4 kobolds
  3 frilled lizards
  6 rats
28 creatures vanquished.

Vanquished Creatures (others)
  4 toadstools (D:1)
4 creatures vanquished.

Grand Total: 32 creatures vanquished

Notes
Turn   | Place    | Note
-------+----------+-------------------------------------------
     0 | D:1      | Fang the Gargoyle Berserker began the quest for the Orb.
     0 | D:1      | Reached XP level 1. HP: 14/14 MP: 1/1
   173 | D:1      | Reached XP level 2. HP: 17/19 MP: 2/2
   556 | D:2      | Reached skill level 4 in Fighting
   556 | D:2      | Reached XP level 3. HP: 21/24 MP: 3/3
   899 | D:3      | Noticed Natasha
   914 | D:3      | Killed Natasha
  1172 | D:3      | Reached XP level 4. HP: 30/30 MP: 4/4
  1194 | D:3      | Reached XP level 5. HP: 25/34 MP: 5/5
  1206 | D:3      | Noticed Sigmund
  1229 | D:3      | Slain by Sigmund

Skill      XL: |  1  2  3  4 |
---------------+-------------+-----
Axes           | 3 |  3.9
Fighting       | 4 |  4.5
Dodging        | 2 |  2.1
Armour         | |  2.2
Stealth        | |  0.5

Action                   |  1- 3 |  4- 6 || total
-------------------------+-------+-------++-------
Melee: Hand axe          |    76 |    26 ||   102
Invok: Berserk           |     1 |     1 ||     2
  Use: Potion            |       |     4 ||     4
  Eat: Chunk             |     2 |       ||     2
Armor: Animal skin       |    16 |     3 ||    19
Dodge: Dodged            |    46 |     9 ||    55
